 Dungeon Crawl Stone Soup version 0.29.1-2-gbd0b4ee654 (webtiles) character file.

Game seed: 12128662437288501789

197 GorkyZ the Trooper (level 5, -4/47 HPs)
             Began as a Hill Orc Fighter on Nov 20, 2022.
             Was an Initiate of Gozag.
             Slain by a black bear (7 damage)
             ... on level 4 of the Dungeon.
             The game lasted 00:06:55 (3201 turns).

GorkyZ the Trooper (Hill Orc Fighter)               Turns: 3201, Time: 00:06:55

Health: -4/47      AC:  7    Str: 21    XL:     5   Next: 75%
Magic:  0/0        EV:  9    Int:  8    God:    Gozag
Gold:   189        SH:  5    Dex: 13    Spells: 4/4 levels left

rFire   . . .      SeeInvis .   o - +7 spear of Temperance {protect, Will+ MP-9 Dex+3}
rCold   . . .      Faith    .   c - +0 buckler
rNeg    . . .      Spirit   .   b - +0 scale mail
rPois   .          Reflect  .   (no helmet)
rElec   .          Harm     .   (no cloak)
rCorr   .          Rampage  .   (no gloves)
Will    +....                   (no boots)
Stlth   ..........              (no amulet)
HPRegen 0.15/turn               (no ring)
MPRegen 0.07/turn               (no ring)

@: no status effects
A: no striking features
a: Renounce Religion, Potion Petition, Call Merchant, Bribe Branch


You were on level 4 of the Dungeon.
You worshipped Gozag.
Gozag was aware of your devotion.
You visited 1 branch of the dungeon, and saw 4 of its levels.

You collected 233 gold pieces.
You paid 44 gold pieces to Gozag.

Inventory:

Hand Weapons
 a - a +0 war axe
 o - the +7 spear of Temperance (weapon) {protect, Will+ MP-9 Dex+3}
   (You found it on level 2 of the Dungeon)

   It grants its wielder temporary protection when it strikes (+7 to AC).
   Dex:       It affects your dexterity (+3).
   MP:        It affects your magic capacity (-9).
   Will:      It increases your willpower.
Missiles
 n - 2 poisoned darts (quivered)
 r - 2 boomerangs
Armour
 b - a +0 scale mail (worn)
 c - a +0 buckler (worn)
Jewellery
 t - an amulet of guardian spirit
 u - an amulet of the acrobat
Scrolls
 e - 3 scrolls of enchant weapon {unknown}
 f - 2 scrolls of butterflies {unknown}
 g - a scroll of enchant armour {unknown}
 i - 2 scrolls of teleportation {unknown}
 m - 2 scrolls of noise {unknown}
 p - 2 scrolls of identify {unknown}
 v - a scroll of magic mapping {unknown}
Potions
 d - a potion of might
 h - 4 potions of ambrosia {unknown}
 k - 2 potions of haste {unknown}
 l - 3 potions of degeneration {unknown}
 q - a potion of curing {unknown}
 s - a potion of brilliance {unknown}


   Skills:
 + Level 4.4 Fighting
 - Level 3.2(3.5) Axes
 + Level 1.4(2.3) Polearms
 + Level 1.6 Throwing
 + Level 4.1 Armour
 + Level 4.0 Shields
 + Level 2.0 Evocations


You had 4 spell levels left.
You didn't know any spells.
Your spell library contained the following spells:

 Spells                   Type           Power      Damage    Failure   Level
 Slow                     Hex            0%         N/A       83%         1
 Ensorcelled Hibernation  Hex/Ice        0%         N/A       92%         2
 Passwall                 Tmut/Erth      0%         N/A       92%         2
 Confusing Touch          Hex            0%         N/A       99%         3
 Portal Projectile        Hex/Tloc       0%         N/A       99%         3
 Swiftness                Air            0%         N/A       99%         3
 Tukima's Dance           Hex            0%         N/A       99%         3
 Vampiric Draining        Necr           0%         2d6       99%         3
 Blade Hands              Tmut           0%         N/A       100%        5


Dungeon Overview and Level Annotations

Branches:
Dungeon (4/15)
 Temple: D:4-7

Altars:
Cheibriados
Gozag
The Shining One

Shops:
D:1 (   D:2 *


Message History

You hit the gnoll bouda.
The gnoll bouda is severely wounded.
The gnoll is no longer moving quickly.
The gnoll barely misses you.
The gnoll bouda gazes fiercely through you!
You feel your attacks grow feeble.
The gnoll bouda hits you but does no damage.
You hit the gnoll bouda.
The gnoll bouda is almost dead.
The gnoll hits you but does no damage.
The gnoll bouda hits you with a +0 whip.
* * * LOW HITPOINT WARNING * * *
The gnoll bouda barks out a call to the hunt!
The gnolls pick up the pace!
Your attacks no longer feel as feeble.
The gnoll is no longer moving quickly.
The gnoll bouda mumbles some strange prayers to its god.
The gnoll bouda is healed somewhat.
The gnoll bouda barks out a call to the hunt!
The gnoll picks up the pace!
Throw: throwing net
Press: ? - help, Q - select action, (/) - cycle Shift-Dir - straight line, f/p - gnoll bouda
Aim: a gnoll bouda, wielding a +0 whip and wearing a +0 leather armour (heavily wounded, 63% to hit)
You throw a throwing net. The throwing net hits the gnoll bouda.
The gnoll bouda is caught in the net!
The gnoll bouda is heavily wounded.
A black bear comes into view.
The black bear growls angrily.
You block the black bear's attack. The black bear claws you.
* * * LOW HITPOINT WARNING * * *
You block the black bear's attack.
The black bear attacks as you move away!
The black bear barely misses you.
The black bear claws you but does no damage. x2
The black bear attacks as you move away!
The black bear bites you.
* * * LOW HITPOINT WARNING * * *
The black bear claws you but does no damage. x2
You closely miss the black bear. The black bear bites you!
You die...
Your body crumbles into a pile of gold.

....[.<....>..
##.##.#######.
#.##.# ##.##.# #
##.##.# .
##.##.# .#
#.##.# .# #.##.#
#.########.#
#.##.#
#...@h.....##...
#.#..#
########........
##.#.##
#.#.##...
......#
##########.#.###
####..#
#..............#
####..#
#.########.#.#.#
......# #.#
#.#.#
###...#####.#
#.. .
#....g....#
#####.#


You could see a black bear.

Vanquished Creatures
  A hound (D:4)
  An iguana (D:4)
  2 gnolls (D:4)
  5 adders
  An ufetubus (D:3)
  2 dart slugs
  3 orcs
  6 ball pythons
  4 endoplasms
  3 giant cockroaches
  11 goblins
  7 hobgoblins
  3 jackals (D:1)
  2 quokkas (D:1)
  3 bats
  5 frilled lizards
  3 kobolds
62 creatures vanquished.

Notes
Turn   | Place    | Note
-------+----------+-------------------------------------------
     0 | D:1      | GorkyZ the Hill Orc Fighter began the quest for the Orb.
     0 | D:1      | Reached XP level 1. HP: 19/19 MP: 1/1
   324 | D:1      | Reached XP level 2. HP: 18/27 MP: 2/2
   691 | D:1      | Found a faded altar of an unknown god.
   754 | D:1      | Reached XP level 3. HP: 33/33 MP: 3/3
   756 | D:1      | Found Yteeddos's Antique Weapon Shop.
  1336 | D:2      | Identified the +7 spear of Temperance {protect, Will+ MP-9
                  | Dex+3}
  1390 | D:2      | Found Elustuasu's Assorted Antiques.
  1500 | D:2      | Reached skill level 1 in Throwing
  1500 | D:2      | Reached skill level 1 in Evocations
  1627 | D:2      | Reached XP level 4. HP: 37/40 MP: 0/4
  2171 | D:3      | Found a glowing golden altar of the Shining One.
  2339 | D:3      | Found a snail-covered altar of Cheibriados.
  2339 | D:3      | Found an opulent altar of Gozag.
  2344 | D:3      | Became a worshipper of Gozag Ym Sagoz the Greedy
  2906 | D:4      | Reached skill level 1 in Polearms
  2929 | D:4      | Reached XP level 5. HP: 45/46 MP: 0/5
  3191 | D:4      | Noticed a black bear
  3201 | D:4      | Slain by a black bear

Illustrated notes

Levels and vault maps discovered:
D:1:      dpeg_arrival_ternary, layout_basic, serial_shops,
          nicolae_diamond_shop, basic_ecumenical_altar, kennysheep_nondescript
D:2:      layout_loops_ring, serial_shops, nicolae_shop_advertising_works
          [nicolae_subvault_shop_adworks], grunt_decor_one_mirror
D:3:      layout_loops_corners, nicolae_overflow_two_pavilions,
          mainiacjoe_overflow_24_doors
D:4:      layout_loops_ring

Skill      XL: |  1  2  3  4  5 |
---------------+----------------+-----
Axes           | 3 |  3.2
Fighting       | 4 |  4.4
Throwing       | 1 |  1.6
Evocations     | 1 2 |  2.0
Polearms       | 1 |  1.4
Armour         | 4 |  4.1
Shields        | 4 |  4.0

Action                   |  1- 3 |  4- 6 || total
-------------------------+-------+-------++-------
Melee: War axe           |    45 |       ||    45
       Spear             |    28 |    84 ||   112
Throw: Throwing net      |       |     1 ||     1
Armor: Scale mail        |    23 |    48 ||    71
Dodge: Dodged            |    23 |    21 ||    44
Block: Buckler           |    11 |    16 ||    27
